 Dungeon Crawl Stone Soup version 0.19.0 (webtiles) character file.

83 CanadianGator the Chopper (level 4, -2/40 HPs)
             Began as a Hill Orc Berserker on Nov 9, 2016.
             Was a Believer of Trog.
             Slain by Blork the orc
             ... wielding a +0 glaive
              (3 damage)
             ... on level 4 of the Dungeon.
             The game lasted 00:07:33 (1894 turns).

CanadianGator the Chopper (Hill Orc Berserker)      Turns: 1894, Time: 00:07:33

Health: -2/40      AC:  8    Str: 19    XL:     4   Next: 44%
Magic:  4/4        EV:  9    Int:  7    God:    Trog [**....]
Gold:   165        SH:  0    Dex: 11    Spells: 0 memorised, 3 levels left

rFire  . . .     SeeInvis .     a - +0 hand axe
rCold  . . .     Gourm    .     r - +0 chain mail
rNeg   . . .     Faith    .     (no shield)
rPois  .         Spirit   .     (no helmet)
rElec  .         Reflect  .     (no cloak)
rCorr  .         Harm     .     (no gloves)
MR     .....                    (no boots)
Stlth  ..........               w - amulet of magic regeneration
                                (no ring)
                                u - +1 ring of evasion

@: no status effects
A: no striking features
a: Berserk, Trog's Hand, Burn Spellbooks, Renounce Religion


You were on level 4 of the Dungeon.
You worshipped Trog.
Trog was pleased with you.
You were not hungry.

You visited 1 branch of the dungeon, and saw 4 of its levels.

You collected 165 gold pieces.

Inventory:

Hand Weapons
 a - a +0 hand axe (weapon)
Armour
 b - a +0 animal skin
 r - a +0 chain mail (worn)
Jewellery
 i - an uncursed amulet of rage
 u - a +1 ring of evasion (left hand)
 w - an amulet of magic regeneration (around neck)
Wands
 e - a wand of polymorph (7/24)
Scrolls
 d - a scroll of fear {unknown}
 h - a scroll of teleportation {unknown}
 j - a scroll of enchant weapon {unknown}
 m - 4 scrolls of remove curse
 n - a scroll of fog
 q - 2 scrolls of enchant armour
Potions
 g - a potion of brilliance
 o - a potion of cancellation {unknown}
 s - a potion of magic {unknown}
 t - 3 potions of might {unknown}
 v - a potion of invisibility {unknown}
Comestibles
 c - 5 bread rations
 f - 2 slices of pizza
 l - a beef jerky


   Skills:
 + Level 4.1 Fighting
 + Level 5.6 Axes
 + Level 2.5 Armour
 + Level 2.0 Dodging
 + Level 0.3 Stealth


You had 3 spell levels left.
You didn't know any spells.

Dungeon Overview and Level Annotations

Branches:
Dungeon (4/15)
 Temple: D:4-7

Altars:
Ashenzari
Hepliaklqana
Kikubaaqudgha
Okawaru
Vehumet
Zin

Annotations:
D:4 Blork the orc


Message History

Your chain mail prevents you from hitting Blork the orc.
Blork the orc is severely wounded.
Blork the orc casts a spell at you. The puff of frost hits you!
Blork the orc looks encouraged for a moment.
You hit Blork the orc but do no damage.
Blork the orc is severely wounded.
Blork the orc hits you but does no damage.
You hit Blork the orc.
Blork the orc is almost dead.
Blork the orc hits you with a glaive.
* * * LOW HITPOINT WARNING * * *
Your chain mail prevents you from hitting Blork the orc.
Blork the orc is almost dead.
Blork the orc hits you with a glaive!
* * * LOW HITPOINT WARNING * * *
You completely miss Blork the orc.
Blork the orc is almost dead.
Blork the orc hits you with a glaive.
You die...

##### #...# #...# #...#
#o..# #@..#
################...##..
...............'........
################...##...
##### ##


You could see Blork the orc.

Vanquished Creatures
  2 adders (D:3)
  A worm (D:2)
  A dart slug (D:1)
  3 leopard geckos
  2 orcs (D:3)
  2 giant cockroaches
  4 goblins
  3 hobgoblins
  10 jackals
  6 kobolds
  A quokka (D:2)
  2 ball pythons
  A bat (D:1)
  4 frilled lizards
  13 rats
55 creatures vanquished.

Notes
Turn   | Place    | Note
-------+----------+-------------------------------------------
     0 | D:1      | CanadianGator the Hill Orc Berserker began the quest for the Orb.
     0 | D:1      | Reached XP level 1. HP: 19/19 MP: 1/1
    85 | D:1      | Reached XP level 2. HP: 25/27 MP: 2/2
   236 | D:1      | Found a shattered altar of Ashenzari.
   401 | D:1      | Reached XP level 3. HP: 33/33 MP: 3/3
   564 | D:2      | Reached ** piety under Trog
   720 | D:2      | Found a hazy altar of Hepliaklqana.
   816 | D:2      | Reached skill level 5 in Axes
  1117 | D:2      | Found an ancient bone altar of Kikubaaqudgha.
  1117 | D:2      | Found a radiant altar of Vehumet.
  1214 | D:3      | Found an iron altar of Okawaru.
  1317 | D:3      | Reached XP level 4. HP: 40/40 MP: 4/4
  1752 | D:3      | Found a glowing silver altar of Zin.
  1877 | D:4      | Noticed Blork the orc
  1893 | D:4      | HP: 1/40 [Blork the orc/glaive (8)]
  1894 | D:4      | Slain by Blork the orc

Skill      XL: |  1  2  3 |
---------------+----------+-----
Axes           | 5 |  5.6
Dodging        | 2 |  2.0
Fighting       | 4 |  4.1
Armour         | |  2.5
Stealth        | |  0.3

Action                   |  1- 3 |  4- 6 || total
-------------------------+-------+-------++-------
Melee: Hand axe          |   116 |    72 ||   188
  Use: Scroll            |       |     7 ||     7
 Stab: Sleeping          |     1 |       ||     1
  Eat: Bread ration      |       |     1 ||     1
Armor: Animal skin       |    12 |       ||    12
       Chain mail        |    26 |    43 ||    69
Dodge: Dodged            |    67 |    28 ||    95
